 Dungeon Crawl Stone Soup version 0.28.0-45-g0d030f2227 (webtiles) character file.

Game seed: 15806059227843445699

67552 101zpm the Thaumaturge (level 14, -9/111 HPs)
             Began as a Pale Draconian Ice Elementalist on Apr 18, 2022.
             Was an Elder of Vehumet.
             Shot with an arrow by a centaur warrior (11 damage)
             ... on level 15 of the Dungeon.
             The game lasted 03:10:34 (49879 turns).

101zpm the Thaumaturge (DrIE)                      Turns: 49879, Time: 03:10:34

Health: -9/111     AC: 15    Str: 14    XL:     14   Next: 83%
Magic:  0/32       EV: 14    Int: 19    God:    Vehumet [****..]
Gold:   2063       SH:  0    Dex: 12    Spells: 15/42 levels left

rFire   + . .      SeeInvis .   p - +3 battleaxe "Geanan" {pain, rPois rN+ Str+2 Stlth+}
rCold   + . .      Faith    .   (shield currently unavailable)
rNeg    + . .      Spirit   +   (armour unavailable)
rPois   +          Reflect  .   (helmet restricted)
rElec   .          Harm     .   s - scarf {rC+ rF+}
rCorr   .          Rampage  .   N - +0 pair of gloves
Will    +....                   R - +1 pair of boots
Stlth   ++++......              F - amulet of guardian spirit
HPRegen 0.28/turn               c - +4 ring of protection
MPRegen 0.23/turn               K - ring of wizardry

@: no status effects
A: breathe steam, AC +8, unfitting armour, cold-blooded, steam resistance
a: Breathe Steam, Renounce Religion


You were on level 15 of the Dungeon.
You worshipped Vehumet.
Vehumet was greatly pleased with you.
You visited 4 branches of the dungeon, and saw 22 of its levels.

You collected 2063 gold pieces.

Inventory:

Hand Weapons
 d - a +0 short sword of protection
 m - the +1 dagger "Jellybane" {venom, rElec Str+5 Int-4 Dex+2}
   (You found it on level 3 of the Dungeon)

   It poisons the flesh of those it strikes.
   Str:       It affects your strength (+5).
   Int:       It affects your intelligence (-4).
   Dex:       It affects your dexterity (+2).
   rElec:     It insulates you from electricity.
 p - the +3 battleaxe "Geanan" (weapon) {pain, rPois rN+ Str+2 Stlth+}
   (You found it on level 3 of the Dungeon)

   In the hands of one skilled in necromantic magic, it inflicts extra damage on
   living creatures.
   Str:       It affects your strength (+2).
   rPois:     It protects you from poison.
   rN:        It protects you from negative energy.
   Stlth:     It makes you more stealthy.
Missiles
 r - 415 stones
Armour
 s - a scarf of resistance (worn)
 L - a +0 kite shield
 M - a scarf of shadows
 N - a +0 pair of gloves (worn)
 R - a +1 pair of boots (worn)
Magical Staves
 h - a staff of conjuration
 w - a staff of air
Jewellery
 c - a +4 ring of protection (left hand)
 f - a ring of fire
 x - a ring of ice
 F - an amulet of guardian spirit (around neck)
 K - a ring of wizardry (right hand)
 T - an amulet of faith
 U - a +4 ring of slaying
Wands
 u - a wand of polymorph (9)
 B - a wand of iceblast (33)
 C - a wand of charming (6)
 E - a wand of flame (27)
Scrolls
 a - 4 scrolls of fog
 g - 3 scrolls of torment
 i - 4 scrolls of immolation
 l - 3 scrolls of vulnerability {unknown}
 o - 3 scrolls of enchant weapon
 y - 5 scrolls of teleportation
 G - 3 scrolls of magic mapping {unknown}
 H - 3 scrolls of blinking
 O - 2 scrolls of fear {unknown}
 Q - a scroll of enchant armour {unknown}
 S - a scroll of holy word {unknown}
 V - 3 scrolls of identify
 W - a scroll of noise {unknown}
Potions
 b - 9 potions of degeneration
 e - 3 potions of magic {unknown}
 j - 2 potions of flight {unknown}
 k - 5 potions of curing
 n - a potion of ambrosia {unknown}
 q - 3 potions of lignification {unknown}
 t - a potion of cancellation {unknown}
 v - 3 potions of haste {unknown}
 z - a potion of brilliance {unknown}
 A - 7 potions of might {unknown}
 D - a potion of mutation {unknown}
 I - 2 potions of heal wounds {unknown}
 J - a potion of invisibility {unknown}
 P - a potion of berserk rage {unknown}


   Skills:
 + Level 6.6 Fighting
 + Level 1.9 Short Blades
 + Level 10.6 Axes
 + Level 6.9 Dodging
 + Level 5.0 Stealth
 + Level 14.6 Spellcasting
 + Level 3.1 Conjurations
 + Level 6.5 Hexes
 + Level 1.7 Summonings
 + Level 5.6 Necromancy
 + Level 12.1 Ice Magic
 + Level 3.8 Air Magic
 + Level 1.3 Poison Magic


You had 15 spell levels left.
You knew the following spells:

 Your Spells              Type           Power      Damage    Failure   Level
a - Freeze                Ice            100%       1d11      1%          1
b - Frozen Ramparts       Ice            100%       1d12      1%          3
c - Ozocubu's Armour      Ice            56%        N/A       1%          3
d - Slow                  Hex            100%       N/A       1%          1
e - Hailstorm             Conj/Ice       42%        3d10      1%          4
f - Swiftness             Air            28%        N/A       1%          3
g - Pain                  Necr           100%       1d9       1%          1
h - Olgreb's Toxic Radia  Pois           18%        N/A       3%          4
i - Tukima's Dance        Hex            38%        N/A       1%          3
j - Summon Lightning Spi  Summ/Air       24%        N/A       6%          4

Your spell library contained the following spells:

 Spells                   Type           Power      Damage    Failure   Level
 Freezing Cloud           Conj/Ice/Air   19%        6-21      1%          5
 Animate Skeleton         Necr           70%        N/A       1%          1
 Apportation              Tloc           26%        N/A       1%          1
 Beastly Appendage        Tmut           26%        N/A       1%          1
 Corpse Rot               Necr/Air       62%        N/A       1%          2
 Ensorcelled Hibernation  Hex/Ice        98%        N/A       1%          2
 Poisonous Vapours        Pois/Air       46%        N/A       1%          2
 Confusing Touch          Hex            38%        N/A       1%          3
 Summon Guardian Golem    Hex/Summ       29%        N/A       1%          3
 Vampiric Draining        Necr           35%        2d8       1%          3
 Ice Form                 Ice/Tmut       36%        N/A       1%          4
 Passwall                 Tmut/Erth      10%        N/A       2%          2
 Wereblood                Tmut           13%        N/A       2%          2
 Spider Form              Tmut/Pois      16%        N/A       4%          3
 Yara's Violent Unravell  Hex/Tmut       13%        3d7       4%          5
 Irradiate                Conj/Tmut      9%         3d17      8%          5
 Simulacrum               Ice/Necr       23%        N/A       8%          6
 Passage of Golubria      Tloc           13%        N/A       19%         4
 Alistair's Intoxication  Tmut/Pois      10%        N/A       36%         5
 Blade Hands              Tmut           6%         N/A       45%         5
 Orb of Destruction       Conj           13%        9d7       65%         7
 Spellforged Servitor     Conj/Summ      11%        N/A       73%         7
 Maxwell's Capacitive Co  Air            14%        ∞         98%         8
 Storm Form               Tmut/Air       10%        N/A       99%         7
 Dragon Form              Tmut           6%         N/A       100%        7


Dungeon Overview and Level Annotations

Branches:
Dungeon (15/15)            Temple (1/1) D:6            Lair (4/6) D:9
 Shoals (0/4) Lair:2       Spider (0/4) Lair:2          Orc (2/2) D:10
    Elf (0/3) Orc:2        Vaults (0/5) D:13         Depths (0/4) D:15

Altars:
Ashenzari
Cheibriados
Dithmenos
Elyvilon
Fedhas
Gozag
Hepliaklqana
Kikubaaqudgha
Makhleb
Nemelex Xobeh
Okawaru
Qazlal
Ru
Sif Muna
Trog
Uskayaw
Vehumet
Wu Jian
Xom
Yredelemnul
The Shining One

Shops:
D:13 *   D:14 =   D:15 [   Orc:2 [=[!*

Portals:
Pandemonium: Orc:2

Annotations:
D:3 1 runed translucent door, Crazy Yiuf
D:5 Grinder
D:13 3 runed translucent doors, Wiuvimyha's ghost, journeyman FeCj
Lair:1 2 transporters


Innate Abilities, Weirdness & Mutations

You can breathe blasts of scalding, opaque steam.
Your pale cyan-grey scales are hard. (AC +8)
You cannot fit into any form of body armour.
You are cold-blooded and may be slowed by cold attacks.
You are immune to the effects of steam.


Message History

The centaur warrior shoots an arrow.
The arrow barely misses you.
Casting: Slow (safe; 1% risk of failure)
Confirm with . or Enter, or press ? or * to list all spells.
Aiming: Slow (safe; 1% risk of failure)
Press: ? - help, Shift-Dir - straight line, f/p - centaur warrior
Aim: a centaur warrior, wielding a +0 vorpal longbow and quivering arrows (chance to affect: 47%)
The centaur warrior resists with some effort.
The centaur warrior shoots an arrow.
The arrow hits you!
Casting: Slow (safe; 1% risk of failure)
Confirm with . or Enter, or press ? or * to list all spells.
Aiming: Slow (safe; 1% risk of failure)
Press: ? - help, Shift-Dir - straight line, f/p - centaur warrior
Aim: a centaur warrior, wielding a +0 vorpal longbow and quivering arrows (chance to affect: 47%)
The centaur warrior resists with some effort.
The centaur warrior shoots an arrow.
The arrow misses you.
The centaur warrior shoots an arrow.
The arrow hits you!
Casting: Slow (safe; 1% risk of failure)
Confirm with . or Enter, or press ? or * to list all spells.
An electric hum fills the air.
Casting: Summon Lightning Spire (dangerous; 6% risk of failure)
Confirm with . or Enter, or press ? or * to list all spells.
Aiming: Slow (safe; 1% risk of failure)
Press: ? - help, Shift-Dir - straight line, f/p - centaur warrior
Aim: a centaur warrior, wielding a +0 vorpal longbow and quivering arrows (ally target, chance to affect: 47%)
The centaur warrior seems to slow down.
The centaur warrior shoots an arrow.
The arrow hits you!
The centaur warrior shoots an arrow.
The arrow hits you!!
You see here an ugly thing corpse.
The centaur warrior shouts!
You hear a shout!
The centaur warrior shoots an arrow.
The arrow hits you!
The centaur warrior shoots an arrow.
The arrow hits you.
The centaur warrior shoots an arrow.
The arrow completely misses you.
You hear a shout!
The centaur warrior shoots an arrow.
The arrow hits you!!
* * * LOW HITPOINT WARNING * * *
There is a stone staircase leading up, spattered with blood here.
The centaur warrior shoots an arrow.
The arrow hits you!!
* * * LOW HITPOINT WARNING * * *
The centaur warrior shoots an arrow.
The arrow hits you!
You die...

...........#.......#..#
.#######.c.#.......#..#
#.c.#.......#..###
#...#.......#.....
#..c#.......#.....
#...#.......#.....
#...#.......#.####
#...#.......#.####
#@..#.......#.....
.#######...#.......#.....
...........#.......#.....
#............#8......#.....
#...........†#.#.....#.....
#######.........##†..8.....#.....
#'....#.........#....8...........
.#....#....###.......c...........
.#....#....# #...................


You could see 2 centaur warriors and 2 centaurs.

Vanquished Creatures
  Snorg (D:12)
  6 hydras
  2 boulder beetles
  An ogre mage (D:14)
  2 centaur warriors
  2 demonspawn (Orc:2)
  7 two-headed ogres
  A tengu warrior (D:14)
  6 orc high priests (Orc:2)
  A deep troll (D:13)
  A skeletal warrior (D:15)
  A flayed ghost (D:14)
  A deep elf pyromancer (D:14)
  A necromancer (D:15)
  A wizard (D:14)
  8 orc knights
  The ghost of kalagan the Magician, a novice DECj of Sif Muna (D:7)
  Pikel (D:5)
  14 ugly things
  2 manticores
  7 orc sorcerers
  A wolf spider (Lair:2)
  A frost giant skeleton (D:15)
  2 black mambas (Lair:2)
  4 cyclopes
  A centaur zombie (D:10)
  A fire giant skeleton (D:15)
  Maggie (D:6)
  3 cane toads
  A smoke demon (Orc:2)
  3 efreet
  An unseen horror (shapeshifter) (D:13)
  3 kobold demonologists (D:10)
  A komodo dragon (shapeshifter) (D:14)
  2 ice devils (Orc:2)
  6 komodo dragons
  4 trolls
  Prince Ribbit (D:6)
  3 slime creatures (D:13)
  A raiju (shapeshifter) (D:15)
  5 blink frogs
  2 spriggan zombies (D:15)
  A meliai zombie (D:11)
  A snapping turtle (Lair:2)
  2 shadows
  3 wyverns (D:9)
  2 vampires (D:12)
  5 wraiths
  31 yaks
  Eustachio (D:6)
  5 basilisks
  5 vampire mosquitoes
  A chaos spawn (Orc:2)
  Edmund (D:5)
  Menkaure (D:6)
  3 wargs
  2 acid dragons (D:10)
  11 water moccasins
  Duvessa (D:4)
  28 orc warriors
  Pargi (D:3)
  3 hornet zombies
  4 black bears
  4 sky beasts
  12 ogres
  14 centaurs
  A phantom (D:7)
  2 kobold brigands
  9 bullfrogs
  2 gnoll sergeants
  A scorpion (D:7)
  A water moccasin zombie (D:6)
  A wyvern skeleton (D:6)
  A water moccasin skeleton (D:7)
  Dowan (D:5)
  12 killer bees
  A nameless horror (D:15)
  3 wights (D:7)
  A bullfrog zombie (D:6)
  4 electric eels
  A howler monkey (D:9)
  A jelly (D:7)
  28 orc priests
  2 hounds
  Terence (D:3)
  5 iguanas
  17 orc wizards
  A howler monkey zombie (D:5)
  9 gnolls
  7 adders
  3 ufetubi
  An adder skeleton (D:4)
  A worm (D:3)
  A dart slug (D:4)
  75 orcs
  2 bats
  6 endoplasms
  6 giant cockroaches
  2 goblins
  8 hobgoblins
  6 jackals
  16 kobolds
  5 quokkas
  7 ball pythons
  3 frilled lizards
  2 rats
512 creatures vanquished.

Vanquished Creatures (collateral kills)
  An ice dragon (D:13)
  A two-headed ogre (D:13)
  A skeletal warrior (D:14)
  3 ugly things (D:15)
  A slime creature (D:13)
  A centaur (D:14)
8 creatures vanquished.

Vanquished Creatures (others)
  28 fungi
  68 plants
  13 withered plants (D:15)
109 creatures vanquished.

Grand Total: 629 creatures vanquished

Notes
Turn   | Place    | Note
-------+----------+-------------------------------------------
     0 | D:1      | 101zpm the Draconian Ice Elementalist began the quest for
                  | the Orb.
     0 | D:1      | Reached XP level 1. HP: 14/14 MP: 3/3
    23 | D:3      | Noticed an ogre
   364 | D:2      | Reached XP level 2. HP: 16/20 MP: 0/5
   743 | D:2      | Reached XP level 3. HP: 26/26 MP: 4/6
  2046 | D:2      | Learned a level 3 spell: Frozen Ramparts
  2050 | D:2      | Learned a level 3 spell: Ozocubu's Armour
  2144 | D:3      | Identified the +1 dagger "Jellybane" {venom, rElec Str+5
                  | Int-4 Dex+2}
  2397 | D:3      | Noticed Pargi
  2402 | D:3      | Reached XP level 4. HP: 20/33 MP: 7/7
  2409 | D:3      | Killed Pargi
  2409 | D:3      | Noticed a sky beast
  2410 | D:3      | Reached skill level 1 in Short Blades
  2410 | D:3      | Reached skill level 3 in Spellcasting
  2410 | D:3      | Reached skill level 5 in Ice Magic
  2410 | D:3      | Reached XP level 5. HP: 5/39 MP: 1/9
  2670 | D:3      | Killed a sky beast
  2671 | D:3      | Reached skill level 1 in Fighting
  2867 | D:3      | Reached XP level 6. HP: 46/47 MP: 1/10
  3121 | D:3      | Noticed Terence
  3138 | D:3      | Killed Terence
  3223 | D:3      | Identified the +3 battleaxe "Geanan" {pain, rPois rN+ Str+2
                  | Stlth+}
  3405 | D:3      | Found a runed translucent door.
  3406 | D:3      | Noticed Crazy Yiuf
  3734 | D:4      | Found a basalt altar of Yredelemnul.
  3965 | D:4      | Reached skill level 1 in Axes
  3965 | D:4      | Your scales start taking on a pale cyan-grey colour.
  3965 | D:4      | Reached XP level 7. HP: 52/52 MP: 5/12
  3965 | D:4      | Gained mutation: You are immune to the effects of steam.
                  | [Pale Draconian growth]
  4116 | D:4      | Found a burning altar of Makhleb.
  4147 | D:4      | Found a broken altar of Ashenzari.
  4637 | D:4      | Learned a level 1 spell: Slow
  4642 | D:4      | Learned a level 4 spell: Hailstorm
  4677 | D:5      | Entered Level 5 of the Dungeon
  4746 | D:5      | Noticed Edmund
  4765 | D:5      | Killed Edmund
  4980 | D:5      | Noticed Pikel
  5002 | D:5      | Killed Pikel
  5003 | D:5      | Reached skill level 4 in Spellcasting
  5003 | D:5      | Reached skill level 1 in Hexes
  5003 | D:5      | Reached XP level 8. HP: 36/62 MP: 4/14
  5259 | D:5      | Noticed Dowan
  5288 | D:5      | Killed Dowan
  5380 | D:5      | Noticed Duvessa
  5522 | D:4      | HP: 3/62 [Duvessa/+0 short sword (2)]
  5523 | D:4      | Killed Duvessa
  5524 | D:4      | Reached skill level 5 in Axes
  6329 | D:5      | Noticed Grinder
  6473 | D:6      | Reached skill level 5 in Spellcasting
  6715 | D:6      | Noticed Eustachio
  6734 | D:6      | Killed Eustachio
  6873 | D:6      | Reached XP level 9. HP: 65/68 MP: 6/17
  7031 | D:6      | Noticed Maggie
  7057 | D:6      | Killed Maggie
  7171 | D:6      | Found a staircase to the Ecumenical Temple.
  7183 | Temple   | Entered the Ecumenical Temple
  7292 | Temple   | Became a worshipper of Vehumet
  7849 | D:7      | Reached skill level 6 in Spellcasting
  7849 | D:7      | Reached skill level 1 in Conjurations
  8019 | D:7      | Noticed kalagan's ghost (novice DECj)
  8023 | D:7      | Found a transporter.
  8326 | D:7      | Found a transporter.
  8640 | D:7      | Noticed Menkaure
  8650 | D:6      | Killed Menkaure
  8931 | D:6      | Found an ornate altar of the Wu Jian Council.
  8952 | D:6      | Found a stormy altar of Qazlal.
  8952 | D:6      | Found a hide-covered altar of Uskayaw.
  9041 | D:6      | Noticed Prince Ribbit
  9058 | D:6      | Killed Prince Ribbit
  9063 | D:6      | Learned a level 3 spell: Swiftness
 10224 | D:8      | Noticed a six-headed hydra
 10488 | D:9      | Noticed a troll
 10493 | D:9      | Killed a troll
 10494 | D:9      | Reached XP level 10. HP: 77/77 MP: 7/20
 10607 | D:9      | Reached skill level 7 in Spellcasting
 10896 | D:9      | Reached * piety under Vehumet
 10896 | D:9      | Offered knowledge of Foxfire by Vehumet.
 11082 | D:9      | Reached skill level 5 in Dodging
 11085 | D:9      | HP: 1/78 [water moccasin (4)]
 11486 | D:8      | Noticed a two-headed ogre
 11495 | D:8      | Killed a two-headed ogre
 11496 | D:8      | Reached skill level 8 in Spellcasting
 12505 | D:7      | Learned a level 1 spell: Pain
 12649 | D:8      | Killed a six-headed hydra
 12650 | D:8      | Reached skill level 1 in Air Magic
 12650 | D:8      | Reached XP level 11. HP: 67/85 MP: 9/23
 12878 | D:9      | Reached skill level 1 in Necromancy
 13499 | D:9      | Found a staircase to the Lair.
 13518 | D:9      | Found a shimmering altar of Xom.
 13518 | D:9      | Found a shimmering blue altar of Sif Muna.
 14329 | Lair:1   | Entered Level 1 of the Lair of Beasts
 14342 | Lair:1   | Reached ** piety under Vehumet
 14551 | D:9      | Reached skill level 9 in Spellcasting
 14618 | Lair:1   | Noticed an eight-headed hydra
 14973 | Lair:2   | Offered knowledge of Sandblast by Vehumet.
 15268 | Lair:1   | Found a transporter.
 15274 | Lair:1   | Noticed a swamp dragon
 15274 | Lair:1   | Noticed a swamp dragon
 15728 | D:10     | Entered Level 10 of the Dungeon
 16225 | D:10     | Found a staircase to the Orcish Mines.
 17812 | Orc:1    | Entered Level 1 of the Orcish Mines
 18348 | Orc:1    | Noticed an orc knight
 18359 | Orc:1    | Killed an orc knight
 18683 | Orc:1    | Reached skill level 10 in Spellcasting
 18776 | Orc:1    | Noticed an orc knight
 18794 | Orc:1    | Killed an orc knight
 19182 | D:10     | Offered knowledge of Dazzling Flash by Vehumet.
 19708 | D:11     | Noticed a two-headed ogre
 19718 | D:11     | Killed a two-headed ogre
 19917 | D:11     | Noticed a six-headed hydra
 20711 | Orc:2    | Entered Level 2 of the Orcish Mines
 21525 | Orc:1    | Reached *** piety under Vehumet
 21589 | Orc:2    | Reached XP level 12. HP: 75/92 MP: 21/26
 23020 | Orc:1    | You fall into a shaft and drop 1 floor!
 23067 | Orc:2    | Offered knowledge of Iskenderun's Mystic Blast by Vehumet.
 23093 | Orc:2    | Reached skill level 11 in Spellcasting
 23540 | Orc:2    | Found Qerphawa's General Store.
 23584 | Orc:2    | Found Otupt's Distillery.
 23627 | Orc:2    | Reached **** piety under Vehumet
 24089 | Orc:2    | Offered knowledge of Olgreb's Toxic Radiance by Vehumet.
 24907 | Orc:1    | Learned a level 4 spell: Olgreb's Toxic Radiance
 24914 | Orc:2    | Reached skill level 5 in Fighting
 25239 | Orc:2    | Found a staircase to the Elven Halls.
 25543 | Orc:2    | Found Lerig's Armour Shoppe.
 25948 | Orc:2    | Reached skill level 10 in Ice Magic
 26088 | Orc:2    | Noticed an orc high priest
 26088 | Orc:2    | Noticed an orc high priest
 26637 | Orc:2    | Reached skill level 5 in Hexes
 26803 | Orc:2    | Paralysed by an orc sorcerer for 4 turns
 27378 | Orc:2    | Noticed an orc high priest
 27386 | Orc:2    | Killed an orc high priest
 27388 | Orc:2    | Killed an orc high priest
 27567 | Orc:2    | Noticed an orc high priest
 27588 | Orc:2    | Killed an orc high priest
 27589 | Orc:2    | Reached skill level 12 in Spellcasting
 27675 | Orc:2    | Noticed an orc high priest
 27678 | Orc:2    | Noticed an orc high priest
 27683 | Orc:2    | Killed an orc high priest
 28630 | Orc:2    | Noticed a demonspawn
 28864 | Lair:1   | Found a transporter.
 29665 | Lair:1   | Killed an eight-headed hydra
 29666 | Lair:1   | Reached XP level 13. HP: 70/101 MP: 9/29
 31528 | Lair:2   | Found a hole to the Spider Nest.
 32025 | Lair:2   | Found a staircase to the Shoals.
 35320 | D:11     | Found a stormy altar of Qazlal.
 36274 | D:12     | Reached skill level 13 in Spellcasting
 37153 | D:12     | Noticed Snorg
 37168 | D:12     | Killed Snorg
 37834 | D:13     | Found a runed translucent gate.
 37834 | D:13     | Found a runed translucent gate.
 37834 | D:13     | Found a runed translucent gate.
 37835 | D:13     | Found an opulent altar of Gozag.
 37835 | D:13     | Found Akeics's Assorted Antiques.
 38007 | D:13     | Reached skill level 5 in Necromancy
 38600 | D:7      | Killed kalagan's ghost
 39318 | Orc:2    | Reached skill level 10 in Axes
 39367 | Orc:2    | Reached XP level 14. HP: 58/111 MP: 14/31
 39728 | Orc:2    | Found Jugoageu's Antique Armour Boutique.
 39728 | Orc:2    | Found Meuqat's Jewellery Shop.
 39729 | Orc:2    | Found a one-way gate leading to the halls of Pandemonium.
 39891 | D:13     | Learned a level 3 spell: Tukima's Dance
 39897 | D:13     | Learned a level 4 spell: Summon Lightning Spire
 40037 | D:13     | Noticed Wiuvimyha's ghost (journeyman FeCj)
 40879 | D:15     | Entered Level 15 of the Dungeon
 41284 | D:15     | Found a staircase to the Depths.
 42660 | D:13     | Found a gate to the Vaults.
 44285 | D:14     | Reached ***** piety under Vehumet
 44286 | D:14     | Reached skill level 14 in Spellcasting
 44774 | D:14     | Found Lasu's Jewellery Emporium.
 44820 | D:14     | Offered knowledge of Freezing Cloud by Vehumet.
 44821 | D:14     | Reached skill level 1 in Summonings
 44821 | D:14     | Reached skill level 1 in Poison Magic
 47057 | D:15     | Found an opulent altar of Gozag.
 47335 | D:15     | Found an opulent altar of Gozag.
 47354 | D:15     | Found an opulent altar of Gozag.
 47365 | D:15     | Found an opulent altar of Gozag.
 47481 | D:15     | Reached skill level 5 in Stealth
 48944 | D:15     | Found Rotoe's Antique Armour Boutique.
 49879 | D:15     | HP: 2/111 [centaur warrior/arrow (14)]
 49879 | D:15     | Shot with an arrow by a centaur warrior

Illustrated notes

Levels and vault maps discovered:
D:1:      lightli_arrival_maybe_door_vault, layout_basic, fountainhead,
          minmay_small_reverse_x
D:2:      layout_basic
D:3:      layout_basic, minivault_23, interstate_on_off, uniq_pargi,
          uniq_crazy_yiuf_cottage, uniq_terence
D:4:      layout_basic, ashenzari_conservatory_becter,
          mainiacjoe_overflow_tiny_flanked, nicolae_overflow_crystal_walls
D:5:      layout_basic, zin_treasury, kennysheep_boxes, uniq_duvessa,
          uniq_pikel, uniq_edmund, uniq_grinder
D:6:      layout_loops_ring, gammafunk_temple_overflow_forgotten,
          minmay_temple_entry_wispy, minivault_23, uniq_maggie,
          uniq_prince_ribbit1, uniq_eustachio
D:7:      layout_gridville, gammafunk_ghost_arena, kennysheep_generic_room_14,
          uniq_menkaure
D:8:      layout_loops_ring
D:9:      layout_stronghold, grunt_temple_overflow_open, minmay_lair_entry_grove
D:10:     layout_rooms, orc_0_dummy
D:11:     layout_basic, nicolae_qazlal_general_emergency
D:12:     layout_roguey, ebering_dispersal_statue_hall, uniq_snorg
D:13:     layout_roguey, david_vaults_4, ebering_ghost_gozag
D:14:     layout_rooms, minmay_misc_feat_enclosed, serial_shops,
          nicolae_shop_advertising_works [nicolae_subvault_shop_adworks]
D:15:     gammafunk_depths_entry_grave, layout_stronghold,
          nicolae_gozag_conspicuous_consumption, serial_shops,
          nicolae_shop_stone, nzn_wu_jian_contemplation
Temple:   dshaligram_water_room_temple
Lair:1:   gammafunk_cloud_chamber, layout_small_grid, serial_bayou_lagoon_b
Lair:2:   layout_chaotic_city, minmay_shoals_entry_hut, spider_nest_entry_rubble
Lair:3:   layout_layer_cave, portal_ice_cave_entry_pillars_2,
          infiniplex_staircase_pool_2, grunt_megastairs_1
Lair:4:   wad_woods_minihive, layout_gridlike, enter_volcano_4,
          cheibrodos_lair_caveside_slide, chequers_serial_rivers_large_a,
          hibernation_bobbens
Orc:1:    layout_diamond_mine
Orc:2:    pf_orc_diabolical, layout_diamond_mine, serial_shops, shop

Skill      XL: |  1  2  3  4  5  6  7  8  9 10 11 12 13 14 |
---------------+-------------------------------------------+-----
Stealth        | 2 3 4 5 |  5.0
Dodging        | 2 3 4 5 6 |  6.9
Short Blades   | 1 |  1.9
Spellcasting   | 3 4 5 6 8 10 12 13 14 | 14.6
Ice Magic      | 5 6 7 8 9 10 11 12 | 12.1
Fighting       | 1 2 3 4 5 6 |  6.6
Axes           | 1 4 5 7 8 10 | 10.6
Hexes          | 1 2 3 4 5 6 |  6.5
Conjurations   | 1 2 3 |  3.1
Air Magic      | 1 2 3 |  3.8
Necromancy     | 2 3 5 |  5.6
Summonings     | 1 |  1.7
Poison Magic   | 1 |  1.3

Action                   |  1- 3 |  4- 6 |  7- 9 | 10-12 | 13-15 || total
-------------------------+-------+-------+-------+-------+-------++-------
Melee: Unarmed           |     1 |       |       |       |       ||     1
       Short sword       |    76 |       |       |       |       ||    76
       Dagger            |    25 |    17 |       |       |       ||    42
       Tailslap          |    13 |     6 |    21 |    44 |    65 ||   149
       Punch             |     1 |     1 |       |       |       ||     2
       Battleaxe         |       |    35 |   194 |   264 |   377 ||   870
 Cast: Freeze            |    18 |     8 |    21 |   106 |    88 ||   241
       Frozen Ramparts   |     1 |     9 |    26 |    89 |    83 ||   208
       Ozocubu's Armour  |       |     7 |    13 |    26 |    36 ||    82
       Slow              |       |       |    33 |   178 |   170 ||   381
       Hailstorm         |       |       |    14 |    47 |    26 ||    87
       Swiftness         |       |       |     2 |    16 |    13 ||    31
       Pain              |       |       |       |   106 |   199 ||   305
       Olgreb's Toxic Ra |       |       |       |     3 |     9 ||    12
       Summon Lightning  |       |       |       |       |    41 ||    41
       Tukima's Dance    |       |       |       |       |     5 ||     5
 Abil: Breathe Steam     |       |       |     2 |     1 |     1 ||     4
  Use: Scroll            |       |       |     5 |       |     4 ||     9
 Stab: Sleeping          |       |       |    11 |     1 |     3 ||    15
       Distracted        |       |       |       |     1 |     2 ||     3
Armor: Skin              |    55 |    30 |    85 |   162 |   366 ||   698
Dodge: Dodged            |    87 |    54 |   205 |   318 |   489 ||  1153
